 Dungeon Crawl Stone Soup version 0.28.0-53-g5a82cb258f (webtiles) character file.

Game seed: 6327661753084256339

3329 Duralumin the Cleaver (level 10, -4/70 HPs)
             Began as a Formicid Fighter on June 13, 2022.
             Was a Believer of Okawaru.
             Slain by a two-headed ogre
             ... wielding a +0 giant club
              (31 damage)
             ... on level 8 of the Dungeon.
             The game lasted 00:34:46 (8239 turns).

Duralumin the Cleaver (Formicid Fighter)            Turns: 8239, Time: 00:34:46

Health: -4/70      AC: 15    Str: 31    XL:     10   Next: 22%
Magic:  8/10       EV: 12    Int:  8    God:    Okawaru [**....]
Gold:   257        SH: 10    Dex: 10    Spells: 9/9 levels left

rFire   . . .      SeeInvis +   a - +0 war axe
rCold   . . .      Faith    .   c - +0 buckler
rNeg    . . .      Spirit   .   w - +6 ring mail of Divine Intervention {Str+6}
rPois   .          Reflect  +   (helmet unavailable)
rElec   .          Harm     .   i - +1 cloak
rCorr   .          Rampage  .   (no gloves)
Will    +....      Clarity  +   (no boots)
Stlth   ++........              p - amulet of reflection
HPRegen 0.21/turn               (no ring)
MPRegen 0.12/turn               (no ring)

@: heroic
A: permanent stasis, dig shafts and tunnels, antennae 3, four strong arms,
talons 1, clarity
a: Dig, Shaft Self, Renounce Religion, Heroism


You were on level 8 of the Dungeon.
You worshipped Okawaru.
Okawaru was pleased with you.
You visited 2 branches of the dungeon, and saw 9 of its levels.
You also visited: Sewer.

You collected 257 gold pieces.

Inventory:

Hand Weapons
 a - a +0 war axe (weapon)
 g - a +0 mace of protection
 n - a +3 vorpal mace
 r - a +0 vorpal hand crossbow
 s - a +1 mace of venom
Missiles
 d - 242 stones
 f - 3 throwing nets
 l - 2 curare-tipped darts (quivered)
 o - 6 poisoned darts
 B - 6 javelins
Armour
 c - a +0 buckler (worn)
 i - a +1 cloak (worn)
 q - a +0 plate armour
 w - the +6 ring mail of Divine Intervention (worn) {Str+6}
   (You found it on level 6 of the Dungeon)

   Str:       It affects your strength (+6).
 C - a +0 kite shield
Jewellery
 p - an amulet of reflection (around neck)
Wands
 e - a wand of polymorph (5)
 k - a wand of paralysis (16)
 m - a wand of flame (18)
Scrolls
 j - a scroll of enchant armour
 t - a scroll of silence
 u - a scroll of identify {unknown}
 v - a scroll of vulnerability {unknown}
 x - 2 scrolls of teleportation {unknown}
 y - a scroll of magic mapping
 z - a scroll of immolation {unknown}
Potions
 b - a potion of heal wounds
 h - 3 potions of mutation
 A - a potion of invisibility {unknown}


   Skills:
 - Level 3.2(8.2) Fighting
 + Level 13.8(18.8) Axes
 - Level 3.2(8.2) Armour
 - Level 3.6(8.6) Shields


You had 9 spell levels left.
You didn't know any spells.
Your spell library contained the following spells:

 Spells                   Type           Power      Damage    Failure   Level
 Shock                    Conj/Air       0%         1d3       56%         1
 Sting                    Tmut/Pois      0%         1d3       56%         1
 Poisonous Vapours        Pois/Air       0%         N/A       71%         2
 Airstrike                Air            0%         N/A       100%        4
 Olgreb's Toxic Radiance  Pois           0%         N/A       100%        4
 Swiftness                Air            Unusable   N/A       N/A         3

Dungeon Overview and Level Annotations

Branches:
Dungeon (8/15)             Temple (1/1) D:4           Sewer (visited)
   Lair: D:8-11

Altars:
Ashenzari
Cheibriados
Elyvilon
Okawaru
Trog
Vehumet
Xom
Yredelemnul
Zin

Shops:
D:3 (   D:7 *


Innate Abilities, Weirdness & Mutations

You cannot be hasted, slowed, berserked, paralysed or teleported.
You can dig through walls and to a lower floor.
You have a pair of large antennae on your head. (SInv)
Your four strong arms can wield two-handed weapons with a shield.
You have sharp toenails.
You possess an exceptional clarity of mind.


Message History

The curare-tipped dart completely misses the two-headed ogre.
Throw: 3 darts (curare)
Press: ? - help, Q - select action, (/) - cycle Shift-Dir - straight line, f/p - two-headed ogre
Aim: a two-headed ogre, wielding a +0 giant club and a +0 giant spiked club (72% to hit)
You throw a curare-tipped dart.
The curare-tipped dart hits the two-headed ogre.
The two-headed ogre is poisoned.
The two-headed ogre convulses.
The two-headed ogre seems to slow down.
The two-headed ogre is lightly wounded.
You block the two-headed ogre's attack.
The two-headed ogre hits you with a +0 giant spiked club.
You slash the two-headed ogre!
The two-headed ogre is moderately wounded.
You gain the combat prowess of a mighty hero.
The two-headed ogre hits you with a +0 giant club!!
You block the two-headed ogre's attack.
You barely miss the two-headed ogre.
The two-headed ogre is moderately wounded.
You barely miss the two-headed ogre. You claw the two-headed ogre.
The two-headed ogre is heavily wounded.
You hit the two-headed ogre.
The two-headed ogre is heavily wounded.
The two-headed ogre misses you. x2
You hit the two-headed ogre but do no damage.
Your kick misses the two-headed ogre.
The two-headed ogre is heavily wounded.
You slash the two-headed ogre! Your kick misses the two-headed ogre.
The two-headed ogre is severely wounded.
You block the two-headed ogre's attack.
The two-headed ogre hits you with a +0 giant spiked club!
You hit the two-headed ogre. Your kick misses the two-headed ogre.
The two-headed ogre is severely wounded.
You hit the two-headed ogre but do no damage.
You claw the two-headed ogre.
The two-headed ogre is severely wounded.
You slash the two-headed ogre! Your kick misses the two-headed ogre.
The two-headed ogre is almost dead.
The two-headed ogre is no longer moving slowly.
The two-headed ogre hits you with a +0 giant club!!
You die...

#<# ### ## #+####
#.......#####......
#...........(......
#.......# #)#
#.......# #.#
#.......# #O#
#.......# #@#
#.......# #.#
######.......# #.#
.....#.......# #.#
####.#.......###.#
#))...........#
###############


You could see a two-headed ogre (poisoned).

Vanquished Creatures
  Prince Ribbit (D:6)
  A hornet (D:7)
  Sigmund (D:6)
  Menkaure (D:5)
  Edmund (D:5)
  An acid dragon (D:7)
  A water moccasin (D:6)
  Duvessa (D:5)
  An ice beast (D:8)
  A black bear (D:4)
  A hornet zombie (D:8)
  An orc warrior (D:8)
  4 ogres
  2 centaurs (D:8)
  A phantom (D:2)
  3 bullfrogs
  A wyvern zombie (D:6)
  A gnoll sergeant (D:8)
  2 scorpions
  Dowan (D:5)
  2 howler monkeys
  A centaur zombie (D:6)
  2 orc priests
  A bullfrog skeleton (D:6)
  A centaur skeleton (D:6)
  A hound (D:4)
  2 jellies (D:6)
  A gnoll shaman (D:7)
  Terence (D:2)
  2 orc wizards
  3 iguanas
  2 hound zombies (D:5)
  11 gnolls
  8 adders
  2 ufetubi
  4 dart slugs
  14 orcs
  9 ball pythons
  8 endoplasms
  10 giant cockroaches
  8 goblins
  5 hobgoblins
  8 quokkas
  6 bats
  15 frilled lizards
  11 kobolds
  A rat (D:1)
166 creatures vanquished.

Vanquished Creatures (others)
  2 plants (D:4)
2 creatures vanquished.

Grand Total: 168 creatures vanquished

Notes
Turn   | Place    | Note
-------+----------+-------------------------------------------
     0 | D:1      | Duralumin the Formicid Fighter began the quest for the Orb.
     0 | D:1      | Reached XP level 1. HP: 18/18 MP: 1/1
   148 | D:1      | Reached XP level 2. HP: 24/24 MP: 2/2
   284 | D:1      | Reached skill level 3 in Axes
   552 | D:1      | Reached XP level 3. HP: 29/29 MP: 3/3
   912 | D:2      | Noticed a phantom
   920 | D:2      | Killed a phantom
   921 | D:2      | Reached skill level 4 in Axes
   921 | D:2      | Reached XP level 4. HP: 20/35 MP: 4/4
   921 | D:2      | Reached XP level 5. HP: 24/41 MP: 5/5
  1090 | D:2      | Found a faded altar of an unknown god.
  1147 | D:2      | Reached skill level 5 in Axes
  1522 | D:2      | Noticed Terence
  1534 | D:2      | Killed Terence
  2151 | D:3      | Found Fam Base's Antique Weapon Emporium.
  2211 | D:3      | Found a glowing drain.
  2260 | Sewer    | Entered a sewer
  2303 | Sewer    | Reached XP level 6. HP: 46/47 MP: 6/6
  2595 | Sewer    | Reached skill level 6 in Axes
  3557 | D:4      | Reached XP level 7. HP: 42/52 MP: 7/7
  3565 | D:4      | Reached skill level 7 in Axes
  3755 | D:4      | Found a staircase to the Ecumenical Temple.
  3756 | D:4      | You fall into a shaft and drop 2 floors!
  3916 | D:6      | Reached skill level 8 in Axes
  4135 | D:5      | Entered Level 5 of the Dungeon
  4209 | Temple   | Entered the Ecumenical Temple
  4224 | Temple   | Became a worshipper of Warmaster Okawaru
  4268 | D:4      | Gained mutation: You possess an exceptional clarity of
                  | mind. [potion of mutation]
  4268 | D:4      | Gained mutation: You have sharp toenails. [potion of
                  | mutation]
  4285 | D:4      | Reached XP level 8. HP: 39/58 MP: 8/8
  4525 | D:4      | Reached skill level 9 in Axes
  4785 | D:5      | Found a broken altar of Ashenzari.
  4799 | D:5      | Noticed Menkaure
  5059 | D:5      | Killed Menkaure
  5070 | D:5      | Noticed Edmund
  5099 | D:5      | Noticed Dowan
  5294 | D:5      | Found a radiant altar of Vehumet.
  5413 | D:5      | Killed Dowan
  5414 | D:5      | Reached skill level 10 in Axes
  5423 | D:5      | Noticed Duvessa
  5433 | D:5      | Killed Duvessa
  5433 | D:5      | Reached * piety under Okawaru
  5609 | D:5      | Found a bloodstained altar of Trog.
  5660 | D:5      | Killed Edmund
  5661 | D:5      | Reached XP level 9. HP: 53/64 MP: 9/9
  5835 | D:5      | Found a basalt altar of Yredelemnul.
  6187 | D:6      | Noticed Sigmund
  6193 | D:6      | Killed Sigmund
  6194 | D:6      | Reached skill level 11 in Axes
  6228 | D:6      | Identified the +6 ring mail of Divine Intervention {Str+6}
  6247 | D:6      | Noticed Prince Ribbit
  6270 | D:6      | Killed Prince Ribbit
  6380 | D:6      | Found a white marble altar of Elyvilon.
  6490 | D:6      | Reached skill level 12 in Axes
  6512 | D:6      | Reached ** piety under Okawaru
  6907 | D:7      | Found Ebudam's Assorted Antiques.
  7178 | D:7      | Noticed a hornet
  7186 | D:7      | Killed a hornet
  7585 | D:7      | Reached skill level 13 in Axes
  7585 | D:7      | Reached XP level 10. HP: 70/70 MP: 10/10
  8224 | D:8      | Noticed a two-headed ogre
  8239 | D:8      | Slain by a two-headed ogre

Illustrated notes

Levels and vault maps discovered:
D:1:      psy_arrival_terrarium, layout_basic, serial_rivers,
          chequers_serial_rivers_micro_e, chequers_serial_rivers_small_a,
          chequers_serial_rivers_small_3, chequers_serial_rivers_room_b,
          minmay_stone_trees_small
D:2:      layout_loops_corners, basic_ecumenical_altar,
          minmay_tree_intersection, uniq_terence
D:3:      layout_rooms, serial_shops, nicolae_shop_crystal,
          gup_sewer_entry_glass
D:4:      layout_rooms, minmay_temple_entry_gardened_gates
D:5:      layout_basic, evilmike_ruin_ashenzari, trog_hazing_becter,
          mainiacjoe_overflow_alcove_4, nicolae_vehumet_altar_sigil,
          minmay_hedge_maze, uniq_menkaure, uniq_duvessa, uniq_edmund
D:6:      layout_loops_ring, mainiacjoe_overflow_24_doors, uniq_sigmund,
          uniq_prince_ribbit1
D:7:      layout_loops_ring, serial_shops, shop
D:8:      layout_basic
Temple:   regret_index_temple_sphere_string

Skill      XL: |  1  2  3  4  5  6  7  8  9 |
---------------+----------------------------+-----
Axes           | 3 4 5 6 8 10 13 | 13.8
Fighting       | |  3.2
Armour         | |  3.2
Shields        | |  3.6

Action                   |  1- 3 |  4- 6 |  7- 9 | 10-12 || total
-------------------------+-------+-------+-------+-------++-------
Melee: War axe           |    54 |   170 |   226 |    48 ||   498
       Kick              |       |       |    49 |    10 ||    59
Throw: Dart              |       |     2 |    25 |     2 ||    29
       Javelin           |       |       |       |     4 ||     4
Invok: Heroism           |       |       |       |     2 ||     2
 Abil: Dig               |     1 |       |       |       ||     1
  Use: Potion            |     1 |       |     5 |       ||     6
       Scroll            |       |     3 |     3 |       ||     6
Armor: Scale mail        |    15 |       |       |       ||    15
       Chain mail        |    16 |    66 |       |       ||    82
       Plate armour      |       |    14 |    70 |       ||    84
       Skin              |       |       |    10 |       ||    10
       Ring mail         |       |       |    14 |     8 ||    22
Dodge: Dodged            |    15 |    60 |    53 |    10 ||   138
Block: Buckler           |    11 |    39 |    95 |    15 ||   160
       Reflection        |       |       |     7 |       ||     7
